 Dungeon Crawl Stone Soup version 0.30.1-1-g62c8e00024 (webtiles) character file.

Game seed: 12897483719978612944

53 Gorgoleon the Firebug (level 4, 32/32 HPs)
             Began as a Human Wanderer on July 15, 2023.
             Quit the game on level 2 of the Dungeon.
             The game lasted 00:08:57 (1625 turns).

Gorgoleon the Firebug (Human Wanderer)              Turns: 1625, Time: 00:08:58

Health: 32/32      AC:  8    Str: 11    XL:     4   Next: 11%
Magic:  7/7        EV: 10    Int: 16    God:
Gold:   133        SH:  0    Dex: 12    Spells: 6/7 levels left

rFire   . . .        j - +2 dagger (speed)
rCold   . . .        (no shield)
rNeg    . . .        n - +0 leather armour
rPois   .            (no helmet)
rElec   .            (no cloak)
rCorr   .            r - +0 pair of gloves
SInv    .            (no boots)
Will    .....        (no amulet)
Stlth   +            d - +4 ring of protection
HPRegen 0.25/turn    (no ring)
MPRegen 0.10/turn

%: no passive effects
@: no status effects
A: no striking features
a: no special abilities


You were on level 2 of the Dungeon.
You visited 1 branch of the dungeon, and saw 2 of its levels.

You collected 133 gold pieces.

Inventory:

Hand Weapons
 j - a +2 dagger of speed (weapon)
Missiles
 b - 10 poisoned darts (quivered)
 g - 31 stones
Armour
 n - a +0 leather armour (worn)
 r - a +0 pair of gloves (worn)
Jewellery
 d - a +4 ring of protection (left hand)
Scrolls
 a - 4 scrolls of teleportation {unknown}
 e - a scroll of noise {unknown}
 f - a scroll of amnesia {unknown}
 i - a scroll of enchant weapon {unknown}
 l - a scroll of silence {unknown}
 m - a scroll of vulnerability {unknown}
 t - a scroll of butterflies {unknown}
Potions
 c - 2 potions of lignification
 h - a potion of cancellation {unknown}
 k - a potion of haste {unknown}
 o - a potion of berserk rage {unknown}
 p - 2 potions of mutation {unknown}
 q - a potion of curing {unknown}
 s - a potion of magic {unknown}


   Skills:
 - Level 1.0 Fighting
 - Level 3.0 Throwing
 - Level 2.0 Spellcasting
 + Level 2.0 Conjurations
 + Level 3.5 Fire Magic
 - Level 1.0 Evocations


You had 6 spell levels left.
You knew the following spells:

 Your Spells              Type           Power      Damage    Failure   Level
a - Foxfire               Conj/Fire      40%        2x1d6     9%          1

Your spell library contained the following spells:

 Spells                   Type           Power      Damage    Failure   Level
 Momentum Strike          Conj/Tloc      8%         3d8       26%         2
 Static Discharge         Conj/Air       8%         2-3/arc   26%         2
 Inner Flame              Hex/Fire       7%         N/A       36%         3
 Ensorcelled Hibernation  Hex/Ice        2%         N/A       38%         2
 Passwall                 Tmut/Erth      0%         N/A       38%         2
 Summon Guardian Golem    Hex/Summ       1%         N/A       63%         3
 Swiftness                Air            1%         N/A       63%         3
 Sticky Flame             Conj/Fire      10%        2d3       63%         4
 Orb of Destruction       Conj           4%         9d5       100%        7
 Spellforged Servitor     Conj/Summ      2%         N/A       100%        7


Dungeon Overview and Level Annotations

Branches:
Dungeon (2/15)

Altars:


Message History

The jackal is almost dead.
You barely miss the jackal.
The jackal is almost dead.
The jackal barely misses you.
You hit the jackal.
You kill the jackal!
No target in view!
No target in view!
No target in view!
No target in view!
No target in view!
No target in view!
You see here a jackal corpse.
You see here a jackal corpse.
Found an escape hatch in the ceiling.
Found a dark potion.
You pick up a book of Burglary and begin reading...
You add the spells Passwall, Ensorcelled Hibernation and Swiftness to your library.
s - a dark potion A giant cockroach comes into view.
Found 2 stones.
The giant cockroach bites you but does no damage.
You closely miss the giant cockroach. The giant cockroach barely misses you.
You hit the giant cockroach.
The giant cockroach is almost dead.
The giant cockroach bites you but does no damage.
You closely miss the giant cockroach.
The giant cockroach is almost dead.
You closely miss the giant cockroach.
The giant cockroach is almost dead.
The giant cockroach closely misses you.
You hit the giant cockroach.
You kill the giant cockroach!
g - 31 stones (gained 2)
You now have 133 gold pieces (gained 11).
t - a scroll labelled XICAUTAOL
Okay, then.
Unknown command.
Unknown command.
Are you sure you want to abandon this character and quit the game? (Confirm with "yes".)

#####.#....#.#.#
......#......#.###
##########.###...########
#######...# ###........#
##.......### #........#
............####........#
#..########.............#
#.## #####........# ..#
#@.......# ###
###########........# #
#........###########
..####........########
#...............##...##
######................##
#.................#
######.....>.†.........#
.......................#


There were no monsters in sight!

Vanquished Creatures
  2 worms (D:2)
  5 bats
  5 endoplasms
  4 giant cockroaches
  2 goblins (D:1)
  5 hobgoblins
  5 jackals
  A quokka (D:2)
  A ball python (D:1)
  3 frilled lizards
  5 kobolds
  3 rats
41 creatures vanquished.

Vanquished Creatures (others)
  57 foxfires
57 creatures vanquished.

Grand Total: 98 creatures vanquished

Notes
Turn   | Place    | Note
-------+----------+-------------------------------------------
     0 | D:1      | Gorgoleon the Human Wanderer began the quest for the Orb.
     0 | D:1      | Gorgoleon set off with the following items: a +0 dagger, 10
                  | poisoned darts, a potion of lignification, a +0 robe; and
                  | the following spell memorised: Foxfire; and the following
                  | spells available to memorise: Momentum Strike, Static
                  | Discharge, Inner Flame, Sticky Flame.
     0 | D:1      | Reached XP level 1. HP: 15/15 MP: 3/3
   144 | D:1      | Reached XP level 2. HP: 17/21 MP: 0/5
   532 | D:1      | Reached XP level 3. HP: 26/26 MP: 4/6
  1213 | D:2      | Found a faded altar of an unknown god.
  1433 | D:2      | Reached XP level 4. HP: 32/32 MP: 4/7
  1625 | D:2      | Quit the game

Illustrated notes

Levels and vault maps discovered:
D:1:      nicolae_arrival_washed_ashore, layout_loops_ring, st_stairs_7,
          minmay_worlds_worst_comb
D:2:      layout_rooms, shapermc_ecumenical_altar_pompeii

Skill      XL: |  1  2  3 |
---------------+----------+-----
Fire Magic     | 3 |  3.5
Conjurations   | 2 |  2.0
Fighting       | |  1.0
Throwing       | |  3.0
Spellcasting   | |  2.0
Evocations     | |  1.0

Action                     |  1- 3 |  4- 6 || total
---------------------------+-------+-------++-------
  Melee: Dagger            |    22 |    31 ||    53
         Spear             |    39 |       ||    39
   Cast: Foxfire           |    35 |       ||    35
   Stab: Sleeping          |     1 |       ||     1
 Armour: Robe              |    12 |       ||    12
         Leather armour    |     7 |     8 ||    15
  Dodge: Dodged            |    29 |    14 ||    43
